Map: 2000 Atmospheres LE

Players

Rogue - Winner!

  • Race: Zerg Zerg

SpeCial

  • Race: Terran Terran

Event: DreamHack SC2 Masters 2021 Winter

VOD

Have the link to the VOD?

Description

Time

  • Played on: Nov. 11, 2021, 12:28 p.m.
  • Length: 3:12

All games in this series

Show
View Real Time Build Order
Export as new Build Order

Rogue Zerg - Winner!

Build Orders: Pool First 

Get SALT Encoding   

  12  0:00  Drone  
  13  0:12  Overlord  
  13  0:17  Drone  
  14  0:31  Drone x2  
  14  0:35  Drone  
  17  0:45  Drone, Extractor  
  17  0:49  Spawning Pool  
  16  0:55  Drone  
  17  1:07  Drone  
  18  1:16  Hatchery  
  17  1:20  Drone  
  18  1:36  Zergling x2  
  18  1:37  Queen  
  18  1:39  Zergling x2  
  22  1:45  Metabolic Boost  
  22  1:51  Overlord  
  22  2:05  Spine Crawler  
  22  2:06  Zergling x2  
  22  2:11  Zergling x2  
  23  2:17  Queen  
  26  2:23  Zergling x2  
  26  2:29  Queen  
  29  2:38  Zergling x4  
  29  2:40  Zergling x2  
  29  2:43  Zergling x2  
  32  2:45  Zergling x2  
  33  2:54  Drone x2  
Show
View Real Time Build Order
Export as new Build Order

SpeCial Terran 

Build Orders:  

Get SALT Encoding   

  12  0:00  SCV  
  13  0:12  SCV  
  14  0:18  Supply Depot  
  14  0:24  SCV  
  15  0:40  Barracks  
  15  0:50  Barracks  
  15  0:53  SCV  
  16  1:05  SCV  
  16  1:07  Refinery  
  17  1:18  SCV  
  18  1:27  Marine  
  18  1:30  Orbital Command  
  19  1:37  Marine  
  20  1:44  Supply Depot  
  20  1:45  Marine  
  21  1:55  Reaper  
  21  1:56  SCV  
  21  1:58  Bunker  
  23  2:08  SCV  
  24  2:10  Reaper  
  25  2:20  SCV  
  26  2:32  SCV  
  26  2:34  Command Center  
  27  2:44  SCV  
  27  2:49  Factory  
  27  2:57  Bunker  
  27  3:00  SCV  

Tags
 
Add a new tag
Caveats
  • Supply blocks, unpowered buildings, or Contaminate may cause inaccurate times.
  • Supply counts are checked every 10 seconds.